 Dungeon Crawl Stone Soup version 0.25.1-11-g244df3a29b (webtiles) character file.

Game seed: 3399579615825356120

488 DeepDeath the Cudgeler (level 7, -1/41 HPs)
             Began as a Gargoyle Abyssal Knight on Jan 20, 2024.
             Was a Believer of Lugonu.
             Slain by a centaur (6 damage)
             ... on level 6 of the Dungeon.
             The game lasted 00:06:05 (2697 turns).

DeepDeath the Cudgeler (Gargoyle Abyssal Knight)    Turns: 2697, Time: 00:06:06

Health: -1/41      AC: 10    Str: 23    XL:     7   Next: 13%
Magic:  17/17      EV: 10    Int: 13    God:    Lugonu [**....]
Gold:   166        SH:  0    Dex:  9    Spells: 6/6 levels left

rFire    . . .     SeeInvis .   a - +1 mace
rCold    . . .     Gourm    .   (no shield)
rNeg     + . .     Faith    .   j - +0 ring mail (curse)
rPois    ∞         Spirit   .   (no helmet)
rElec    +         Reflect  .   (no cloak)
rCorr    .         Harm     .   (no gloves)
MR       .....                  (no boots)
Stlth    ..........             (no amulet)
HPRegen  0.13/turn              o - ring of magical power
MPRegen  0.15/turn              s - +6 ring of strength

@: no status effects
A: negative energy resistance 1, electricity resistance, unbreathing,
petrification resistance, rot immunity, AC +4
a: Depart the Abyss, Bend Space, Renounce Religion


You were on level 6 of the Dungeon.
You worshipped Lugonu.
Lugonu was pleased with you.
You were very hungry.

You visited 1 branch of the dungeon, and saw 4 of its levels.
You visited the Abyss 1 time.

You collected 166 gold pieces.

Inventory:

Hand Weapons
 a - a +1 mace (weapon)
 p - a +0 hunting sling
 q - a +0 flail
Missiles
 d - 136 stones
 g - 41 bolts
 h - 9 poisoned darts (quivered)
 i - 2 javelins
 l - 20 sling bullets
Armour
 j - a cursed +0 ring mail (worn)
Jewellery
 o - a ring of magical power (left hand)
 s - a +6 ring of strength (right hand)
Wands
 t - a wand of enslavement (5)
Scrolls
 b - 3 scrolls of teleportation
 f - 3 scrolls of remove curse
 w - a scroll of identify
Potions
 e - a potion of heal wounds
 k - a potion of lignification
 m - a potion of haste {unknown}
 n - a potion of curing {unknown}
 r - a potion of magic {unknown}
 u - 2 potions of stabbing {unknown}
 v - a potion of flight {unknown}
Comestibles
 c - 5 rations


   Skills:
 - Level 3.2 Fighting
 + Level 7.5 Maces & Flails
 - Level 2.1 Armour
 - Level 0.7 Dodging
 - Level 2.0 Invocations


You had 6 spell levels left.
You didn't know any spells.
Your spell library was empty.

Dungeon Overview and Level Annotations

Branches:
Dungeon (3/15)             Temple (0/1) D:6

Altars:
Cheibriados
Dithmenos
Vehumet


Innate Abilities, Weirdness & Mutations

You are resistant to torment.
Your stone body is resilient. (AC +4)
You are immune to poison.
You resist negative energy. (rN+)
You are resistant to electric shocks. (rElec)
You can survive without breathing.
You are immune to petrification.
You are immune to rotting.


Message History

an arrow; a +1 dagger of venom; a +0 robe The centaur hits you.
The centaur misses you.
Items here: ( ) †† an arrow; a +0 war axe; an orc corpse; an iguana corpse You hit the centaur but do no damage.
The centaur zaps a wand.
The puff of flame hits you.
You hit the centaur.
The centaur is lightly wounded.
The centaur zaps a wand.
The puff of flame hits you!
* * * LOW HITPOINT WARNING * * *
The centaur zaps a wand.
The puff of flame misses you.
You hit the centaur.
The centaur is moderately wounded.
The centaur barely misses you.
You hit the centaur.
The centaur is heavily wounded.
The centaur hits you!
* * * LOW HITPOINT WARNING * * *
The centaur hits you.
You die...

.###.###......#*.#** **,,,** *
.............)##.# **,,,,,**
.###.###*#.......# **,,,,,,,** *
..##.########...####.,,,,,,,,****
...................'.,,,,,,,,+,,,
......#######...####.,,,,,,,,****
..##..# #..## **,,,,,,,** *
#.#)..# #.######**,,,,,** #.#...#
#<((@c.# **,,,** #.#...# #.####†#
**+** #.#.#.# #.####)# *,*
......# #...##(# *,* *****
.###+## #)#.##.# ***.#**,,,*
.**,,,* #.#.##.###%...,,,*,*
.**,∩,* #.#.##........,*,,,*
,,*,,,* #....l..##....***,**
,,**+** ###.###.#*,*..* *,***


You could see a centaur.

Vanquished Creatures
  An ogre (D:6)
  A necrophage (D:6)
  A bullfrog (D:6)
  A scorpion (D:6)
  A bullfrog zombie (D:6)
  An orc priest (D:3)
  An iguana (D:6)
  A worker ant (D:6)
  A worm (D:3)
  4 dart slugs
  3 leopard geckos
  5 orcs
  5 giant cockroaches
  8 goblins
  7 hobgoblins
  4 jackals (D:1)
  7 bats
  3 frilled lizards
  4 kobolds
  3 rats
62 creatures vanquished.

Vanquished Creatures (collateral kills)
  2 orc wizards (D:6)
  An orc (D:6)
3 creatures vanquished.

Vanquished Creatures (others)
  An orc warrior (D:6)
1 creature vanquished.

Grand Total: 66 creatures vanquished

Notes
Turn   | Place    | Note
-------+----------+-------------------------------------------
     0 | Abyss:1  | DeepDeath the Gargoyle Abyssal Knight began the quest for
                  | the Orb.
     0 | Abyss:1  | Reached XP level 1. HP: 14/14 MP: 2/2
    75 | Abyss:1  | Noticed a quasit
    76 | Abyss:1  | Noticed a cyan very ugly thing
    82 | D:1      | Escaped the Abyss
   195 | D:1      | Reached XP level 2. HP: 4/19 MP: 3/3
   546 | D:1      | Reached skill level 3 in Maces & Flails
   650 | D:1      | Reached * piety under Lugonu
   870 | D:1      | Reached XP level 3. HP: 23/23 MP: 4/4
  1229 | D:2      | Found a radiant altar of Vehumet.
  1472 | D:2      | Reached skill level 4 in Maces & Flails
  1971 | D:2      | Reached XP level 4. HP: 24/28 MP: 5/5
  2180 | D:3      | Found a snail-covered altar of Cheibriados.
  2213 | D:3      | Found a shadowy altar of Dithmenos.
  2214 | D:3      | You fall into a shaft and drop 3 floors!
  2222 | D:6      | Noticed a bullfrog
  2222 | D:6      | Noticed an ogre
  2246 | D:6      | Killed a bullfrog
  2246 | D:6      | Reached skill level 5 in Maces & Flails
  2246 | D:6      | Reached XP level 5. HP: 21/32 MP: 6/6
  2262 | D:6      | Killed an ogre
  2262 | D:6      | Reached skill level 6 in Maces & Flails
  2262 | D:6      | Reached XP level 6. HP: 7/37 MP: 7/7
  2508 | D:6      | Noticed a necrophage
  2517 | D:6      | Killed a necrophage
  2634 | D:6      | Reached skill level 7 in Maces & Flails
  2637 | D:6      | Noticed an orc warrior
  2648 | D:6      | Reached XP level 7. HP: 30/41 MP: 8/8
  2682 | D:6      | Reached ** piety under Lugonu
  2697 | D:6      | Slain by a centaur

Illustrated notes

Levels and vault maps discovered:
D:1:      dpeg_arrival_leaves_temple_mockup, layout_basic
D:2:      layout_loops_ring, vehumet_crystals, first_ration
D:3:      layout_rooms, nicolae_dithmenos_through_a_glass_darkly,
          kennysheep_slug_shrine
D:6:      layout_loops_corners, minmay_temple_entry_glassed_door,
          guppyfry_shop_venom

Skill      XL: |  1  2  3  4  5  6 |
---------------+-------------------+-----
Maces & Flails | 3 4 5 6 7 |  7.5
Fighting       | |  3.2
Armour         | |  2.1
Dodging        | |  0.7
Invocations    | |  2.0

Action                   |  1- 3 |  4- 6 |  7- 9 || total
-------------------------+-------+-------+-------++-------
Melee: Mace              |   145 |   100 |    13 ||   258
Throw: Dart              |     5 |     7 |     1 ||    13
Invok: Depart the Abyss  |     1 |       |       ||     1
Evoke: Wand              |       |       |     2 ||     2
  Use: Scroll            |     7 |     1 |       ||     8
       Potion            |       |     1 |     1 ||     2
  Eat: Chunk             |     4 |     1 |       ||     5
Armor: Leather armour    |    43 |       |       ||    43
       Ring mail         |    32 |    49 |     6 ||    87
Dodge: Dodged            |   119 |    55 |    13 ||   187
